[Event "Late-Titled-Tuesday-Blitz-March-12-2024"]
[Site "Chess.com"]
[Date "2024.03.12"]
[Round "11"]
[White "Mbneu"]
[Black "janhelmer03"]
[Result "1/2-1/2"]
[WhiteElo "2256"]
[BlackElo "2383"]
[TimeControl "180+1"]
[EndTime "16:05:38 PDT"]
[Termination "Game drawn by repetition"]

1. d4 d5 2. c4 e6 3. Nf3 Nf6 4. g3 Bb4+ 5. Bd2 Be7 6. Bg2 O-O 7. O-O c6 8. Qc2 b6 9. Bf4 Ba6 10. b3 Nbd7 11. Rc1 Rc8 12. Qb2 dxc4 13. bxc4 c5 14.
Qa3 Bb7 15. Qxa7 Bxf3 16. Bxf3 cxd4 17. Nd2 e5 18. Bg5 Nc5 19. Rab1 Nfd7 20. Bxe7 Qxe7 21.
Bd5 Qd6 22. Nb3 Rc7 23. Qa3 g6 24. Nxc5 bxc5 25. Rb5 Kg7 26. Rcb1 f5 27. Rb7 Rxb7 28. Rxb7 Rb8 29. Qa7 Rxb7 30. Qxb7 Kf6 31. a4 e4 32. Qc6 Qxc6 33. Bxc6 Nb6 34. Bb5 Ke5 35. a5 Nc8 36. a6 Na7 37. Kf1 Kd6 38. Ke1 Kc7 39. Kd2 Kb6 40. Kc2 Nc6 41. Kb3 Nb4 42. Kb2 Nxa6 43. Be8 Ka5 44. Bf7 Kb4 45. Bg8 h6 46.
Bh7 g5 47. Bxf5 e3 48. fxe3 dxe3 49. Bd3 Nb8 50. Kc2 Nc6 51. Be4 Ne5 52. Bd5 Nxc4 53. Kd3 Nb6 54. Bc6 c4+ 55. Kxe3 c3 56. Be4 Kb3 57.
Kf3 c2 58. Bxc2+ Kxc2 59. Kg4 Nd5 60. e4 Ne3+ 61. Kh5 Kc3 62. e5 Kd4 63. e6 Nf5 64.
Kg6 Ke5 65. e7 Nxe7+ 66. Kxh6 Kf6 67. h4 g4 68. Kh5 Kf5 69. Kh6 Nc6 70. Kg7 Nd4 71.
h5 Ne6+ 72. Kf7 Ng5+ 73. Kg7 Ke4 74. Kg6 Ne6 75. Kf6 Nf8 76. Kg7 Ne6+ 77. Kf6 Nf8 78.
Kg7 Ne6+ 79. Kf6 1/2-1/2

[Event "Late-Titled-Tuesday-Blitz-March-12-2024"]
[Site "Chess.com"]
[Date "2024.03.12"]
[Round "11"]
[White "Msb2"]
[Black "Rud_2008"]
[Result "0-1"]
[WhiteElo "3004"]
[BlackElo "2806"]
[TimeControl "180+1"]
[EndTime "16:05:46 PDT"]
[Termination "Rud_2008 won by checkmate"]

1. d4 Nf6 2. c4 e6 3. Nc3 d5 4.
cxd5 exd5 5. Bg5 c6 6. e3 Nbd7 7.
Bd3 Be7 8. h3 h6 9. Bf4 O-O 10.
Qc2 c5 11. dxc5 Nxc5 12. Nf3 Bd7 13. O-O Rc8 14. Rac1 a6 15. Qb1 b5 16. Ne2 Qb6 17.
Be5 Nxd3 18. Qxd3 b4 19. Nfd4 Ne4 20. Nf4 Qb7 21. Nf3 Bc6 22. Rfd1 Rfd8 23. b3 Bf8 24. Bb2 Qe7 25. Qxa6 Bb7 26. Qd3 Ra8 27. Ra1 Qe8 28. Qd4 f6 29. Rdc1 Rac8 30. Rxc8 Rxc8 31. Nxd5 Bxd5 32.
Qxd5+ Kh8 33. Rc1 Rd8 34. Qc4 Qg6 35. Bd4 Nd6 36. Qc7 Rc8 37. Qxc8 Nxc8 38. Rxc8 Qb1+ 39. Kh2 Kh7 40. Rxf8 Qxa2 41. Rb8 Qxb3 42. Nh4 Qc2 43. f4 b3 44. Rb7 Kg8 45. f5 Qc6 46. Rb8+ Kh7 47.
Rxb3 Qc7+ 48. Kh1 Qc1+ 49. Kh2 Qc7+ 50. Kg1 Qc1+ 51. Kf2 Qc2+ 52. Kf3 Qxb3 53. g4 Qd5+ 54. Kg3 Qh1 55. Nf3 Qb1 56. Kg2 Kg8 57. Kg3 Kf7 58.
Kg2 Ke7 59. Bc5+ Kd7 60. Bd4 Kc6 61. Kf2 Qh1 62. Kg3 Kd5 63. Kf2 Qxh3 64. Nd2 Qxg4 65. Bc3 Qxf5+ 66. Ke2 Qh5+ 67. Kd3 Qg4 68. e4+ Ke6 69.
Nc4 h5 70. Ne3 Qg3 71. Kd4 h4 72. Nf5 Qf2+ 73. Kd3 h3 74. Nxg7+ Kf7 75. Nf5 h2 76. Nh6+ Kg6 77. Ng4 Qf3+ 78. Ne3 h1=Q 79. Bd4 Qhd1+ 80. Kc3 Qc1+ 81. Kd3 Qb1+ 82. Kc3 Qbxe4 83. Kb4 Qxd4+ 84. Kb5 Qfxe3 85. Ka6 Qb3 86. Ka5 Qda4# 0-1

[Event "Late-Titled-Tuesday-Blitz-March-12-2024"]
[Site "Chess.com"]
[Date "2024.03.12"]
[Round "11"]
[White "Flaccidmoves"]
[Black "Slovak_fighter2000"]
[Result "0-1"]
[WhiteElo "2421"]
[BlackElo "2602"]
[TimeControl "180+1"]
[EndTime "16:05:55 PDT"]
[Termination "Slovak_fighter2000 won by resignation"]

1. c4 e5 2. Nc3 Nc6 3. Nf3 Nf6 4. e3 Bb4 5. Qc2 O-O 6. Ng5 Bxc3 7. bxc3 d6 8. Bd3 h6 9. Ne4 Nxe4 10. Bxe4 Be6 11.
d3 Qd7 12. O-O f5 13. Bd5 Bxd5 14. cxd5 Ne7 15. f4 Kh8 16. c4 c6 17. dxc6 Nxc6 18. Bb2 Rae8 19. Bc3 b6 20. Rf3 Rf7 21. Raf1 Qe6 22.
fxe5 dxe5 23. Qf2 e4 24. dxe4 Qxe4 25. Bb2 Ne5 26. Rxf5 Rxf5 27. Qxf5 Qxf5 28. Rxf5 Nxc4 29. Bd4 Re7 30. Kf2 Kh7 31. h4 Nd6 32. Rf4 Ne4+ 33.
Kf3 Nd2+ 34. Ke2 Ne4 35. g4 g5 36. hxg5 Nxg5 37. Kd3 Ne6 38. Re4 Kg6 39. Kc4 Kf7 40.
Re5 Rc7+ 41. Kd5 Rd7+ 42. Ke4 Ng5+ 43. Kf5 Nf3 44. Re4 Nh4+ 45. Kf4 Ng2+ 46. Kg3 Ne1 47. Rf4+ Kg6 48. Rf6+ Kh7 49. Rc6 Nd3 50. Kh4 Nb4 51. Re6 Nc2 52. Be5 Nxe3 53. Kh5 Nd5 54.
Rxh6+ Kg8 55. Rh8+ Kf7 56. Rh7+ Ke6 57. Rxd7 Kxd7 58.
g5 Ke6 59. Bd4 Kf5 60. g6 Nf4+ 61. Kh6 Nxg6 62. a4 Nf4 63. Kh7 Ne6 64. Be3 Ke4 65.
Bg1 Nd4 66. Kg6 Kd5 67. Kh6 Kc4 68. Kg6 Ne2 69. Bf2 Nc3 70. a5 bxa5 71. Bxa7 a4 72. Be3 a3 73. Bc1 a2 74. Bb2 Kb3 75. Ba1 Kc2 76. Kf5 Nd1 77. Ke5 Nb2 78. Kd4 Kb1 79. Kc3 Nd1+ 80. Kd2 Kxa1 81. Kc1 Ne3 0-1

[Event "Late-Titled-Tuesday-Blitz-March-12-2024"]
[Site "Chess.com"]
[Date "2024.03.12"]
[Round "11"]
[White "scrambleyourbrain"]
[Black "Boorchess"]
[Result "0-1"]
[WhiteElo "2404"]
[BlackElo "2546"]
[TimeControl "180+1"]
[EndTime "16:06:00 PDT"]
[Termination "Boorchess won by resignation"]

1. e4 e5 2. Nf3 Nf6 3. Nxe5 d6 4.
Nf3 Nxe4 5. Nc3 Nf6 6. d4 g6 7. Bd3 Bg7 8. O-O O-O 9. Ne2 Nc6 10. c3 Ne7 11. h3 Bf5 12. Ng3 Bxd3 13. Qxd3 Qd7 14.
Bd2 a6 15. Rfe1 Rfe8 16. Rad1 b5 17. a3 Ned5 18. Ne4 Qc6 19. Nxf6+ Bxf6 20. Rxe8+ Rxe8 21. Re1 a5 22. Rxe8+ Qxe8 23. c4 bxc4 24. Qxc4 Qa8 25. b3 Bd8 26. Ne1 Nb6 27. Qd3 Qd5 28. Nc2 Bf6 29.
a4 Qc6 30. Bxa5 Nd5 31. Bd2 Qb6 32. Qc4 c6 33. a5 Qb7 34. b4 Nc7 35. Bc3 d5 36.
Qd3 Nb5 37. Bb2 Qe7 38. Kf1 Bg7 39. g3 f5 40. h4 Kf7 41. Bc1 Qa7 42. Be3 Bf8 43. h5 Bd6 44. hxg6+ hxg6 45. Bd2 Ke6 46. Qe3+ Kf7 47. Qd3 Ke6 48. g4 Qh7 49. gxf5+ gxf5 50. Qe3+ Kd7 51. Qh6 Qxh6 52. Bxh6 Nc3 53. Bd2 Ne4 54.
Be1 f4 55. f3 Ng5 56. Ke2 Ne6 57. Kd3 Kc7 58. Bd2 Kb7 59. Na3 Ka6 60. Nc2 Bc7 61.
Bc3 Kb5 62. Na3+ Ka4 63. Nc2 Bd6 64. a6 Bb8 65. Ne1 Kb5 66. Ng2 Kxa6 67. Bd2 Kb5 68. Nh4 Bd6 69. Nf5 Bxb4 70. Bxb4 Kxb4 71. Ne7 Kb5 72. Nc8 Ka6 73. Nd6 Kb6 74. Nf5 Kc7 75. Ne7 Kd6 76. Nf5+ Kd7 77. Nh4 Ng5 78. Ng6 Ne6 79.
Ne5+ Kd6 80. Nf7+ Ke7 81. Ne5 Kd6 82. Nf7+ Kc7 83. Ne5 Kb6 84. Nd7+ Kb5 85. Ne5 c5 86. dxc5 Kxc5 87. Nd7+ Kd6 88. Nf6 Ke5 89. Ng4+ Kf5 90. Nh6+ Kg6 91. Ng4 Ng5 92. Ne5+ Kf5 93. Kd4 Ke6 94.
Ng6 Nxf3+ 95. Kd3 Ne5+ 0-1

[Event "Late-Titled-Tuesday-Blitz-March-12-2024"]
[Site "Chess.com"]
[Date "2024.03.12"]
[Round "11"]
[White "Sajkochess"]
[Black "Lady_Nika"]
[Result "1-0"]
[WhiteElo "2384"]
[BlackElo "2577"]
[TimeControl "180+1"]
[EndTime "16:06:18 PDT"]
[Termination "Sajkochess won by checkmate"]

1. e4 e6 2. d4 d5 3. Bd3 Nf6 4. e5 Nfd7 5. Nf3 c5 6. c3 Nc6 7.
O-O a6 8. a3 b5 9. b4 c4 10. Bc2 Be7 11. a4 Bb7 12. Re1 Qc7 13. Nbd2 O-O-O 14. Nf1 h6 15. h4 Rdg8 16. h5 g6 17.
hxg6 fxg6 18. Bf4 Nf8 19. N1h2 g5 20. Bg3 h5 21. Nf1 h4 22. Bh2 g4 23. N3d2 Bg5 24. axb5 axb5 25. Ne3 Bxe3 26. Rxe3 Qg7 27. Bf4 Qf7 28. g3 hxg3 29. Bxg3 Qh5 30. Kf1 Ng6 31. Ke2 Rf8 32. Nf1 Nf4+ 33. Kd2 Ng2 34. Kc1 Nxe3 35. Nxe3 Qg5 36. Kb2 Rf3 37. Qd2 Rh3 38. Rg1 Ne7 39. Bd1 Nf5 40. Bxf3 gxf3 41. Bh2 Qh6 42. Rg8+ Kd7 43.
Bg3 Nxg3 44. Rxg3 Rxg3 45. fxg3 Qh1 46. Qf2 Ke7 47. Nf1 Bc6 48. Nd2 Be8 49. Qxf3 Qe1 50. Qf4 Bg6 51. Qg5+ Kd7 52. Qxg6 Qxd2+ 53. Kb1 Qxc3 54.
Qf7+ Kd8 55. Qf8+ Kc7 56. Qd6+ Kb7 57. Qd7+ Ka8 58. Qc8+ Ka7 59. Qc7+ Ka8 60. Qc6+ Ka7 61. Qc5+ Ka6 62. Qc6+ Ka7 63. Qd7+ Kb8 64. Qxb5+ Kc7 65.
Qc5+ Kd7 66. Qd6+ Ke8 67. Qxe6+ Kf8 68. Qf5+ Kg8 69. Qg6+ Kf8 70. Qf6+ Kg8 71. Qe6+ Kh8 72. Qc8+ Kg7 73. Qd7+ Kh8 74. Qd8+ Kg7 75. Qe7+ Kg8 76. Qg5+ Kh8 77. Qh5+ Kg8 78. Qg6+ Kh8 79. Qh6+ Kg8 80.
Qe6+ Kh8 81. Qxd5 Qxb4+ 82. Kc1 Qe1+ 83. Kc2 Qf2+ 84. Kc3 Qxg3+ 85. Kxc4 Qe1 86. Kc5 Qa5+ 87. Kd6 Qb6+ 88. Ke7 Qa7+ 89. Qd7 Qa3+ 90. Ke8 Qa8+ 91. Qd8 Qc6+ 92. Ke7+ Kh7 93. Qd6 Qb7+ 94. Ke6 Kg6 95. Qd7 Qb3+ 96. Ke7 Qf7+ 97. Kd8 Qa2 98. Qd6+ Kf5 99.
Qf6+ Ke4 100. e6 Qa8+ 101. Ke7 Qb7+ 102. Kf8 Qb8+ 103. Kf7 Qc7+ 104. e7 Kd5 105. Qe5+ Qxe5 106. dxe5 Kxe5 107.
e8=Q+ Kf4 108. Qe6 Kg3 109. Qf5 Kh2 110. Qg4 Kh1 111. Kf6 Kh2 112. Kf5 Kh1 113. Kf4 Kh2 114. Kf3 Kh1 115. Qg2# 1-0

[Event "Late-Titled-Tuesday-Blitz-March-12-2024"]
[Site "Chess.com"]
[Date "2024.03.12"]
[Round "11"]
[White "DenLaz"]
[Black "vi_pranav"]
[Result "1/2-1/2"]
[WhiteElo "3072"]
[BlackElo "3066"]
[TimeControl "180+1"]
[EndTime "16:06:22 PDT"]
[Termination "Game drawn by repetition"]

1. d4 Nf6 2. c4 e6 3. Nf3 b6 4. g3 Bb7 5. Bg2 Be7 6. O-O O-O 7. Nc3 Bb4 8. Qc2 Bxc3 9. Qxc3 d6 10. b3 Nbd7 11.
Bb2 a5 12. a3 Ra7 13. Rfd1 Ne4 14. Qc2 f5 15. d5 e5 16. Nh4 g6 17. Bxe4 fxe4 18.
Qxe4 Nf6 19. Qd3 Bc8 20. f3 Nh5 21. Ng2 Bh3 22. Qe3 Ra8 23. Ne1 Qd7 24. Nd3 Rae8 25.
Nf2 Qc8 26. b4 axb4 27. axb4 Bd7 28. c5 bxc5 29. bxc5 Nf6 30. Ba3 dxc5 31. Bxc5 Rf7 32.
Rac1 Qa6 33. d6 cxd6 34. Rxd6 Qb5 35. Rdd1 e4 36. f4 Ng4 37. Nxg4 Bxg4 38. Kf2 g5 39. Bd6 h6 40. Rc5 Qb2 41. Re1 Qf6 42. Rd5 Qg6 43. Rd4 Re6 44. Red1 Qh5 45. Kg1 Bxe2 46. R1d2 Bf3 47. Be5 gxf4 48. Bxf4 Kh7 49. Rd7 Rf6 50. Rxf7+ Rxf7 51. Rd6 Qb5 52. Rxh6+ Kg8 53. Rb6 Qc4 54.
Rb8+ Rf8 55. Rxf8+ Kxf8 56. Be5 Qc2 57. Qh6+ Ke7 58.
Qf6+ Kd7 59. Qd6+ Kc8 60. Qf8+ Kd7 61. Qd6+ Kc8 62. Qf8+ Kd7 63. Qf7+ Kc8 64. Qe8+ Kb7 65. Qb5+ Kc8 66. Qe8+ Kb7 67. Qd7+ Ka6 68. Qd6+ Kb5 69. Qd5+ Ka4 70. Qd4+ Kb3 71. Qb6+ Ka2 72. Qa6+ Kb3 73. Qb5+ Ka2 74. Qd5+ Ka3 75. Bd6+ Ka4 76. Qd4+ Kb5 77.
Qd5+ Ka4 78. Qa8+ Kb5 79. Qb7+ Kc4 80. Qc6+ Kd3 81. Qxc2+ Kxc2 82. Kf2 Kd3 83. Bb8 Bg4 84. Ba7 Bh3 85. Bb6 Bg4 86. Ba7 Bh3 87. Bb6 Bg4 88.
Ba7 1/2-1/2

[Event "Late-Titled-Tuesday-Blitz-March-12-2024"]
[Site "Chess.com"]
[Date "2024.03.12"]
[Round "11"]
[White "Marcan2b"]
[Black "DanielNaroditsky"]
[Result "1/2-1/2"]
[WhiteElo "2950"]
[BlackElo "3069"]
[TimeControl "180+1"]
[EndTime "16:06:26 PDT"]
[Termination "Game drawn by stalemate"]

1. e4 Nf6 2. e5 Nd5 3. d4 d6 4. Nf3 dxe5 5. Nxe5 c6 6. Be2 Bf5 7. O-O Nd7 8. Nf3 e6 9. c4 N5f6 10. Nc3 Bd6 11. d5 cxd5 12. cxd5 exd5 13. Nxd5 Be6 14. Nxf6+ Nxf6 15. Bb5+ Kf8 16. Bg5 a6 17. Ba4 Bc5 18. Qe2 b5 19. Bb3 Bxb3 20. axb3 h6 21. Bh4 Qe7 22. Qc2 Qa7 23. Rac1 Be7 24. Rfe1 Re8 25. Qf5 g5 26. Bg3 Qd7 27. Qb1 Kg7 28. Rc7 Qd8 29. Rd1 Qa8 30. Nd4 Bd8 31. Nf5+ Kg8 32. Rcc1 Qe4 33.
Qxe4 Nxe4 34. Nd6 Nxd6 35. Rxd6 Bc7 36. Rxa6 Bxg3 37. hxg3 Kg7 38. Rb6 Re2 39. Rxb5 Rxb2 40. Rb7 Rd8 41. b4 Rdd2 42. Rf1 h5 43. b5 Rd5 44. b6 Rf5 45. Rb8 Rfb5 46. Re1 Rf5 47. Rf1 Rf6 48. b7 Rfb6 49. Re1 Rxb7 50. Rxb7 Rxb7 51.
Re3 Kg6 52. Rf3 Rb1+ 53. Kh2 Rf1 54. Ra3 Rxf2 55. Kg1 Rd2 56. Kh2 f6 57. Ra6 Rd3 58. Ra4 Rd5 59. Ra6 Rd4 60. Ra3 Re4 61. Rc3 Re5 62. Rb3 Rc5 63. Rd3 Re5 64. Ra3 Kf5 65.
Rf3+ Ke6 66. Ra3 Re4 67. Ra6+ Kf5 68. Ra5+ Kg4 69. Ra6 f5 70. Ra3 Rc4 71. Rb3 Ra4 72. Rc3 Rb4 73. Ra3 Rb2 74. Rc3 h4 75. gxh4 Kxh4 76.
Rh3+ Kg4 77. Rg3+ Kf4 78. Rf3+ Ke4 79. Ra3 f4 80. Kh3 g4+ 81. Kxg4 Rxg2+ 82. Kh3 Rd2 83. Kg4 Rg2+ 84. Kh3 Rd2 85. Kg4 Rd4 86. Rf3 Ke5 87. Ra3 Rc4 88. Kf3 Rc5 89. Ra4 Rc3+ 90. Kf2 Rc2+ 91.
Kf3 Rc3+ 92. Kf2 Kf5 93. Ra8 Rc2+ 94. Kf3 Rc3+ 95. Kf2 Rc6 96. Rf8+ Ke5 97. Re8+ Kd4 98. Rd8+ Ke4 99. Re8+ Kf5 100. Rf8+ Rf6 101. Rxf6+ Kxf6 102. Kf3 Ke5 103. Kf2 Ke4 104. Ke2 f3+ 105. Kf2 Kf4 106. Kf1 Kg4 107. Kf2 Kf4 108. Kf1 Ke3 109. Ke1 f2+ 110.
Kf1 Kf3 1/2-1/2

[Event "Late-Titled-Tuesday-Blitz-March-12-2024"]
[Site "Chess.com"]
[Date "2024.03.12"]
[Round "11"]
[White "FairChess_on_YouTube"]
[Black "BilodeauA"]
[Result "1-0"]
[WhiteElo "3129"]
[BlackElo "3015"]
[TimeControl "180+1"]
[EndTime "16:06:47 PDT"]
[Termination "FairChess_on_YouTube won on time"]

1. Nf3 d5 2. d4 Nf6 3. c4 dxc4 4. e3 Bg4 5. Bxc4 e6 6. O-O a6 7. Be2 Nc6 8. Nbd2 Bd6 9. b3 Nd5 10. Bb2 f5 11. Rc1 O-O 12. Nc4 Qe8 13. h3 Bh5 14. Nfd2 Bxe2 15. Qxe2 Rd8 16. Rfe1 Nce7 17. Nf3 Nf6 18.
Nxd6 cxd6 19. Ba3 Ned5 20. Rc2 Ne4 21. Rec1 Qg6 22. Nd2 Nxd2 23. Rxd2 f4 24. exf4 Rxf4 25. Re1 Rf6 26. Qg4 Qf7 27. g3 b5 28. Rde2 b4 29. Bc1 Rf8 30. Rf1 Rg6 31. Qh4 Qf3 32. Ree1 h6 33.
Qe4 Qxe4 34. Rxe4 Rc8 35. Re2 Kf7 36. Rfe1 Ke7 37. Kf1 Kd7 38. h4 Rf6 39. Kg2 a5 40.
Rd2 Rff8 41. Rde2 Rfe8 42. Kh3 Nc7 43. Bb2 Nb5 44. d5 e5 45. f4 exf4 46. Bxg7 Rxe2 47. Rxe2 Nc3 48. Re1 fxg3 49. Bxh6 Nxd5 50. Bg5 Rc2 51.
Kxg3 Rxa2 52. h5 a4 53. bxa4 b3 54. h6 Rxa4 55. h7 Ra8 56. Bc1 Rh8 57. Rh1 Nf6 58.
Rh6 Nxh7 59. Bb2 Rg8+ 60. Kf4 Ng5 61. Ke3 Ne6 62. Ba3 Rg3+ 63. Kd2 Nd4 64. Rxd6+ Kc7 65.
Rxd4 b2 66. Bxb2 Kc6 67. Bc3 Rg2+ 68. Kd3 Rg5 69. Kc2 Rd5 70. Rh4 Kd7 71. Bd4 Kc6 72.
Kd3 Rg5 73. Kc4 Rg6 74. Rh8 Re6 75. Ra8 Re2 76. Ra6+ Kd7 77. Kd5 Rd2 78. Ra7+ Kd8 79. Ke5 Kc8 80. Bc5 Rd7 81. Ra6 Rd1 82. Bd6 Kb7 83.
Ra4 Kc6 84. Rc4+ Kd7 85. Rc7+ Kd8 86. Ra7 Re1+ 87. Kd5 Rd1+ 88. Ke6 Re1+ 89. Be5 Rc1 90. Rb7 Rc2 91. Rg7 Kc8 92. Rf7 Rc6+ 93. Bd6 Rc2 94.
Ra7 Rc1 95. Kd5 Kd8 96. Rg7 Kc8 97. Bc5 Kd8 98. Kc6 Ke8 99. Re7+ Kd8 100. Re2 Rc3 101. Re1 Rc2 102. Rf1 Re2 103. Rf7 1-0

[Event "Late-Titled-Tuesday-Blitz-March-12-2024"]
[Site "Chess.com"]
[Date "2024.03.12"]
[Round "11"]
[White "IMRosen"]
[Black "EsmeraldasAnderson03"]
[Result "1/2-1/2"]
[WhiteElo "2658"]
[BlackElo "2577"]
[TimeControl "180+1"]
[EndTime "16:06:49 PDT"]
[Termination "Game drawn by 50-move rule"]

1. e4 c5 2. Nc3 Nc6 3. Bb5 Nd4 4. Nf3 Nxb5 5. Nxb5 a6 6. Nc3 b5 7. d4 cxd4 8. Nxd4 Bb7 9. O-O d6 10. a4 b4 11. Nd5 e6 12. Nxb4 Bxe4 13. Re1 Bb7 14. Nbc6 Qc7 15. Nxe6 fxe6 16. Rxe6+ Kf7 17. Nd4 Nf6 18.
Bg5 Be7 19. Qd3 Bd5 20. Re3 Qc4 21. Qd2 Rhe8 22. b3 Qc5 23. c4 Bb7 24. Rae1 Bf8 25.
Ne6 Qc6 26. f4 h6 27. Bxf6 gxf6 28. Qe2 Qxg2+ 29. Qxg2 Bxg2 30. Kxg2 Rab8 31. f5 Re7 32. h4 Reb7 33. Nd4 d5 34. cxd5 Bc5 35. Rd3 Bxd4 36. Rxd4 Rxb3 37. d6 Rd8 38. d7 Rb7 39. Red1 Ke7 40.
Re1+ Kf7 41. Kf3 Rbxd7 42. Rxd7+ Rxd7 43. Re6 Rd5 44. Ke4 Ra5 45. h5 Rxa4+ 46. Kf3 Ra5 47. Kf4 Ra4+ 48. Kf3 Ra5 49. Kg4 Ra4+ 50. Kg3 Ra5 51.
Kf4 Ra3 52. Rb6 Ra4+ 53. Kf3 a5 54. Rb7+ Kf8 55. Rh7 Ra1 56. Rxh6 a4 57. Rxf6+ Kg7 58. Ra6 a3 59. h6+ Kh7 60. Kg2 a2 61. Kh2 Kg8 62. Ra7 Kh8 63. h7 Rf1 64. Rxa2 Rxf5 65. Ra7 Rh5+ 66.
Kg3 Rh6 67. Kg4 Rxh7 68. Ra8+ Kg7 69. Kg5 Rh1 70. Ra7+ Kf8 71. Kf6 Rf1+ 72. Ke6 Rf2 73. Ra8+ Kg7 74. Ke5 Re2+ 75. Kf5 Re7 76. Ra6 Rb7 77. Ra5 Kh7 78. Kf6 Rg7 79. Rh5+ Kg8 80. Rh4 Rf7+ 81. Ke6 Rf1 82. Rg4+ Kh7 83. Ke7 Re1+ 84.
Kf6 Rf1+ 85. Kg5 Rf2 86. Rg3 Kg8 87. Kg4 Kf7 88. Re3 Rb2 89. Kf5 Rb5+ 90. Re5 Rb4 91. Ra5 Rb7 92. Ra6 Kg7 93. Rc6 Kh7 94. Kg5 Rb5+ 95. Kf6 Rb1 96. Rc7+ Kh6 97. Rc2 Rf1+ 98. Ke5 Kg6 99. Rg2+ Kf7 100. Rg3 Re1+ 101. Kf5 Rf1+ 102. Ke5 Re1+ 103. Kd5 Re2 104. Rf3+ Ke7 105. Rh3 Rd2+ 106. Ke5 Re2+ 107. Kf5 Kd6 108. Rd3+ Ke7 109. Kf4 Ke6 110. Kf3 Rh2 111. Kg4 Rg2+ 112. Kf4 Rg8 113. Re3+ Kd5 114. Rd3+ Kc4 115. Rd7 Rf8+ 116. Ke5 Re8+ 117. Kd6 Re1 1/2-1/2